Map: Oxide LE

Players

ViBE - Winner!

  • Race: Terran Terran
  • League: Platinum
  • Spawn Location: 7:00

TonyMontana

  • Race: Terran Terran
  • League: Platinum
  • Spawn Location: 1:00

VOD

Have the link to the VOD?

Description

Time

  • Played on: April 3, 2021, 9:08 p.m.
  • Length: 14:33
Show
View Real Time Build Order
Export as new Build Order

ViBE Terran - Winner!

Build Orders:  

Get SALT Encoding   

  12  0:00  SCV  
  13  0:12  SCV  
  14  0:17  Supply Depot  
  14  0:24  SCV  
  15  0:39  SCV  
  15  0:40  Barracks  
  16  0:44  Refinery  
  16  0:51  SCV  
  17  1:03  SCV  
  18  1:17  SCV  
  19  1:29  Marine  
  19  1:30  Orbital Command  
  20  1:42  Command Center  
  20  1:50  Marine  
  21  1:56  Supply Depot  
  21  1:58  SCV  
  22  2:10  SCV  
  23  2:15  Factory  
  23  2:17  Barracks Reactor  
  23  2:23  Bunker  
  23  2:24  SCV  
  24  2:36  SCV  
  25  2:48  SCV  
  26  2:53  Marine  
  26  2:54  Marine  
  28  3:00  Factory Tech Lab  
  28  3:02  Orbital Command, Barracks  
  28  3:05  SCV  
  29  3:06  Refinery  
  29  3:12  Marine x2  
  30  3:17  SCV  
  30  3:19  Siege Tank  
  35  3:27  Supply Depot, SCV  
  35  3:29  SCV  
  37  3:34  Marine  
  37  3:35  Marine  
  37  3:40  SCV  
  40  3:41  SCV, Supply Depot  
  41  3:51  Supply Depot  
  41  3:52  SCV  
  41  3:53  SCV  
  41  3:54  Siege Tank  
  46  3:58  Barracks Tech Lab  
  46  4:01  Marine  
  46  4:02  Marine  
  48  4:04  SCV  
  48  4:05  SCV  
  48  4:06  Starport  
  50  4:16  SCV  
  51  4:17  SCV  
  51  4:19  Marine x2  
  51  4:20  Marine  
  55  4:36  SCV x2  
  56  4:41  Marine  
  56  4:42  Marine x2  
  56  4:44  Siege Tank  
  62  4:48  SCV x2  
  62  4:51  Command Center  
  62  4:52  Stimpack  
  58  5:00  SCV x2  
  60  5:12  SCV, Supply Depot  
  60  5:13  SCV  
  62  5:17  Supply Depot  
  62  5:19  Marine x3  
  65  5:24  SCV, Starport Reactor  
  65  5:25  SCV  
  67  5:31  Refinery  
  67  5:32  Refinery  
  67  5:37  SCV x2  
  69  5:45  Barracks x3  
  69  5:49  SCV x2, Supply Depot  
  71  6:01  Marine x3, SCV x2  
  76  6:07  Orbital Command  
  76  6:12  Engineering Bay x2  
  76  6:13  SCV x2  
  76  6:17  Medivac x2  
  82  6:19  Marine x3  
  82  6:25  SCV x2  
  87  6:27  Supply Depot  
  87  6:28  Supply Depot  
  87  6:35  Barracks Reactor x3  
  87  6:37  SCV x2  
  89  6:49  SCV x2  
  89  6:53  Terran Infantry Armor Level 1, Terran Infantry Weapons Level 1  
  87  6:55  Marine x2, Orbital Command  
  87  6:56  Marine  
  87  6:58  Medivac x2  
  93  7:01  SCV x2  
  93  7:07  Armory  
  95  7:10  Supply Depot  
  95  7:11  Supply Depot  
  95  7:13  SCV x2  
  97  7:18  Barracks  
  97  7:19  Barracks x2  
  97  7:25  SCV  
  97  7:26  Marine x6, SCV  
  97  7:27  Marine x3  
  108  7:32  SCV  
  109  7:38  SCV x2  
  112  7:44  SCV  
  112  7:50  SCV x2  
  114  7:54  Command Center  
  114  7:56  SCV, Combat Shield  
  114  7:57  Marine x9  
  124  8:03  SCV  
  124  8:04  SCV  
  126  8:08  SCV, Supply Depot  
  126  8:10  Barracks Reactor x2, Supply Depot  
  126  8:11  Barracks Reactor  
  127  8:14  Thor  
  127  8:15  Medivac x2  
  127  8:16  SCV x2  
  127  8:17  Terran Vehicle Weapons Level 1  
  139  8:21  SCV  
  139  8:22  Refinery x2  
  139  8:27  Supply Depot  
  140  8:28  SCV  
  140  8:29  Supply Depot  
  140  8:30  SCV  
  140  8:33  SCV  
  143  8:34  Supply Depot  
  143  8:38  Supply Depot  
  143  8:40  Marine x8  
  151  8:41  Marine  
  152  8:49  Supply Depot x2  
  152  8:55  Marine  
  152  8:56  Marine x5  
  152  8:58  Marine x7  
  152  8:59  Thor, Medivac  
  152  9:00  Medivac  
  175  9:17  SCV x2  
  175  9:19  SCV  
  175  9:23  Marine x2  
  175  9:24  Marine x13  
  184  9:27  Terran Infantry Armor Level 2, Terran Infantry Weapons Level 2  
  193  9:47  Planetary Fortress  
  193  9:54  Marine x2  
  193  9:55  Marine x4  
  193  9:56  Command Center  
  189  10:46  Marine x6  
  189  10:47  Marine x9  
  189  10:48  Thor  
  200  11:05  Barracks x2  
  200  11:06  Barracks  
  200  11:10  Barracks  
  200  11:12  Barracks  
  200  11:13  Barracks x2, Command Center  
  200  11:14  Terran Vehicle Weapons Level 2  
  200  11:19  Factory  
  200  11:20  Starport  
  200  11:21  Barracks  
  200  11:22  Barracks  
  200  11:30  Marine x11  
  200  11:31  Marine x2  
  199  11:39  Marine x2  
  188  11:40  Thor  
  188  11:41  Medivac x2  
  188  11:44  SCV x3  
  190  11:48  Marine x4, Planetary Fortress  
  186  11:56  SCV x2  
  171  12:06  Starport Reactor, Factory Tech Lab  
  161  12:10  Barracks Reactor x2, Marine  
  161  12:11  Marine x10  
  163  12:17  Barracks Reactor x2  
  163  12:20  Marine x2  
  164  12:22  SCV  
  164  12:23  SCV  
  164  12:24  Planetary Fortress  
  164  12:28  Marine  
  164  12:29  Marine x5  
  169  12:30  Marine  
  169  12:35  SCV x2  
  169  12:36  Marine  
  169  12:37  Marine x3  
  169  12:38  Marine, Medivac x2  
  172  12:46  Marine x5  
  172  12:47  Marine  
  177  12:54  Marine  
  165  13:09  SCV x4  
  137  13:21  SCV  
  137  13:24  Marine x14  
  137  13:25  SCV x3  
  145  13:33  SCV  
  140  13:37  SCV  
  140  13:38  SCV x2  
  142  13:41  Thor  
  142  13:42  Medivac x2  
  142  13:46  SCV  
  150  13:49  SCV  
  150  13:50  SCV x2, Command Center  
  151  14:08  SCV x4  
  155  14:20  SCV x4  
Show
View Real Time Build Order
Export as new Build Order

TonyMontana Terran 

Build Orders: Liberator Opening 

Get SALT Encoding   

  12  0:01  SCV  
  13  0:14  SCV  
  14  0:18  Supply Depot  
  14  0:26  SCV  
  15  0:43  Barracks  
  15  0:44  Refinery  
  15  0:57  Refinery  
  15  1:01  SCV  
  15  1:03  Supply Depot  
  16  1:13  SCV  
  17  1:25  SCV  
  18  1:38  Orbital Command  
  18  1:51  Factory  
  18  1:55  Reaper  
  19  2:03  SCV  
  20  2:15  SCV  
  21  2:27  SCV  
  22  2:31  Reaper  
  23  2:39  SCV  
  23  2:40  Starport  
  23  2:42  Hellion  
  26  2:59  SCV  
  26  3:02  Supply Depot  
  26  3:03  Reaper, Hellion  
  30  3:11  SCV  
  31  3:20  Command Center  
  31  3:23  Liberator  
  31  3:25  Hellion  
  36  3:28  Supply Depot  
  36  3:35  Reaper  
  36  3:41  SCV  
  38  3:50  Hellion  
  40  3:57  SCV  
  41  4:07  Supply Depot  
  41  4:09  SCV  
  42  4:19  Barracks Reactor  
  42  4:20  Factory Tech Lab  
  42  4:21  Starport Reactor  
  42  4:25  SCV, Barracks  
  42  4:26  Barracks  
  43  4:37  SCV  
  32  4:44  Siege Tank  
  32  5:06  Refinery, Supply Depot  
  32  5:08  Orbital Command  
  32  5:16  Siege Tank  
  35  5:22  Liberator  
  35  5:28  SCV  
  39  5:32  Supply Depot  
  39  5:33  Marine  
  40  5:36  Barracks Tech Lab  
  40  5:37  Refinery  
  40  5:40  SCV  
  41  5:47  SCV  
  41  5:48  Siege Tank, Engineering Bay  
  41  5:49  Barracks Tech Lab  
  45  5:52  SCV  
  46  5:59  SCV  
  47  6:04  SCV  
  48  6:11  SCV, Stimpack  
  48  6:13  Combat Shield  
  48  6:15  Marine x3  
  48  6:16  Marine, SCV  
  54  6:23  SCV, Terran Infantry Weapons Level 1  
  55  6:28  SCV  
  55  6:30  Missile Turret  
  55  6:31  Missile Turret  
  56  6:33  Marine x4  
  56  6:35  SCV, Missile Turret  
  61  6:41  SCV, Medivac  
  64  6:47  SCV  
  64  6:51  Marine x4  
  69  6:57  Viking  
  68  7:09  Marine  
  68  7:11  Viking  
  68  7:13  Siege Tank  
  74  7:20  Command Center  
  74  7:21  Marine x2  
  76  7:26  Supply Depot  
  76  7:32  Sensor Tower  
  76  7:36  Marine x2  
  77  7:38  Marine  
  77  7:40  Medivac  
  81  7:44  Marine  
  81  7:46  SCV  
  81  7:48  SCV  
  84  7:54  Marine  
  84  7:55  Sensor Tower  
  84  7:58  Supply Depot, SCV  
  85  8:00  SCV  
  87  8:11  SCV  
  89  8:12  SCV  
  89  8:14  Viking  
  89  8:16  Supply Depot  
  89  8:18  Refinery  
  91  8:20  Refinery  
  91  8:23  SCV  
  92  8:27  Viking  
  92  8:29  Marine x4  
  98  8:35  SCV x2  
  98  8:38  Orbital Command  
  100  8:43  Viking  
  100  8:47  SCV x2  
  104  8:50  Barracks  
  104  8:52  Barracks  
  104  8:57  Missile Turret  
  104  8:59  SCV x2  
  104  9:00  Supply Depot  
  106  9:10  Medivac  
  106  9:11  SCV x2  
  106  9:12  Marine x3  
  106  9:13  Siege Tank  
  106  9:14  Marine  
  117  9:19  SCV  
  117  9:23  SCV  
  117  9:24  SCV  
  120  9:29  Marine  
  120  9:30  Marine  
  120  9:31  SCV  
  123  9:33  Engineering Bay  
  123  9:34  Armory  
  123  9:35  SCV  
  123  9:36  SCV  
  125  9:41  Barracks Reactor x2  
  125  9:43  SCV  
  125  9:45  Siege Tank  
  129  9:48  Command Center  
  129  9:52  Marine x3  
  130  9:53  Marine  
  133  10:04  Starport  
  133  10:10  Supply Depot  
  133  10:14  Supply Depot  
  133  10:16  Terran Infantry Armor Level 1, Supply Depot  
  133  10:23  Armory  
  133  10:32  Marine x2, Viking, SCV x3  
  140  10:36  Supply Depot  
  140  10:37  Marine x3  
  140  10:38  Siege Tank  
  140  10:41  Marine x2  
  140  10:42  Factory  
  148  10:44  SCV x3  
  151  11:02  Marine x3  
  154  11:10  Siege Tank  
  99  12:02  Marine  
  99  12:07  Marine x3  
  98  12:10  Siege Tank  
  98  12:11  Marine x4  
  71  12:59  Planetary Fortress  
  23  13:34  Command Center  
  15  14:05  SCV  
  11  14:17  SCV  
Tags
 
Matchup
TvT
Player
ViBE
Race
Terran
Replay Pack
Platinum_League
Spawn Locations
Cross Positions
Add a new tag
Caveats
  • Supply blocks, unpowered buildings, or Contaminate may cause inaccurate times.
  • Supply counts are checked every 10 seconds.